 Dungeon Crawl Stone Soup version 0.32-a0-391-gce5c0aab1b (webtiles) character file.

Game seed: 17822284263386366261

2738 adelrune the Shooter (level 9, -3/61 HPs)
             Began as a Coglin Hexslinger on Feb 18, 2024.
             Was a Follower of Hepliaklqana.
             Shot with an arrow by a centaur (5 damage)
             ... on level 7 of the Dungeon on Feb 19, 2024.
             The game lasted 00:16:23 (6173 turns).

adelrune the Shooter (Coglin Hexslinger)            Turns: 6173, Time: 00:16:23

Health: -3/61      AC:  2    Str: 10    XL:     9   Next: 67%
Magic:  15/15      EV: 15    Int: 12    God:    Hepliaklqana [*.....]
Gold:   262        SH:  0    Dex: 20    Spells: 13/16 levels left

rFire   . . .        a - +1 sling {Hisae}
rCold   . . .        o - +0 sling {Nari}
rNeg    . . .        c - +0 robe
rPois   +            (no helmet)
rElec   .            (no cloak)
rCorr   .            (no gloves)
SInv    .            (no boots)
Will    .....        (no amulet)
Stlth   ++           e - ring of poison resistance
HPRegen 0.30/turn    (no ring)
MPRegen 0.14/turn

%: no passive effects
@: no status effects
A: reduced essence, off-hand wielding, slow wielding, warmup strikes, warmup
strides
a: Renounce Religion, Recall Ancestor, Ancestor Identity


You were on level 7 of the Dungeon.
You worshipped Hepliaklqana.
Hepliaklqana was aware of your devotion.
You visited 2 branches of the dungeon, and saw 8 of its levels.
You also visited: Sewer.

You collected 262 gold pieces.

Inventory:

Hand Weapons
 a - a +1 sling (weapon) {Hisae}
 o - a +0 sling (worn) {Nari}
Armour
 c - a +0 robe (worn)
Jewellery
 e - a ring of poison resistance (left grasper)
Wands
 n - a wand of iceblast (3)
 r - a wand of flame (7)
Scrolls
 b - 2 scrolls of fog {unknown}
 f - 6 scrolls of identify {unknown}
 h - 2 scrolls of teleportation {unknown}
 i - 2 scrolls of immolation {unknown}
 k - 4 scrolls of revelation {unknown}
 p - 2 scrolls of noise {unknown}
 u - a scroll of blinking {unknown}
 v - a scroll of fear {unknown}
 w - a scroll of butterflies {unknown}
Potions
 d - a potion of cancellation {unknown}
 g - a potion of mutation {unknown}
 j - 2 potions of enlightenment {unknown}
 l - a potion of magic {unknown}
 m - 3 potions of curing {unknown}
 q - a potion of degeneration {unknown}
 s - 2 potions of heal wounds {unknown}
 t - 2 potions of haste {unknown}


   Skills:
 + Level 5.2 Fighting
 * Level 7.1 Ranged Weapons
 + Level 5.1 Dodging
 + Level 4.2 Spellcasting
 + Level 5.4 Hexes
 - Level 0.8 Fire Magic


You had 13 spell levels left.
You knew the following spells:

 Your Spells              Type           Power      Damage    Failure   Level
a - Jinxbite              Hex            30%        N/A       3%          2
b - Slow                  Hex            60%        N/A       2%          1

Your spell library contained the following spells:

 Spells                   Type           Power      Damage    Failure   Level
 Confusing Touch          Hex            15%        N/A       7%          3
 Sigil of Binding         Hex            15%        N/A       7%          3
 Foxfire                  Conj/Fire      12%        2x1d4     19%         1
 Inner Flame              Hex/Fire       10%        N/A       19%         3
 Magic Dart               Conj           8%         1d3       22%         1
 Cause Fear               Hex            7%         N/A       22%         4
 Blink                    Tloc           4%         N/A       32%         2
 Call Imp                 Summ           4%         N/A       32%         2
 Vampiric Draining        Necr           2%         2d6       54%         3
 Dimensional Bullseye     Hex/Tloc       4%         N/A       56%         4
 Plasma Beam              Fire/Air       1%         2x1d11    100%        6
 Starburst                Conj/Fire      1%         6d3       100%        6


Dungeon Overview and Level Annotations

Branches:
Dungeon (7/15)             Temple (1/1) D:4           Sewer (visited)

Altars:
Ashenzari
Dithmenos
Elyvilon
Fedhas
Gozag
Hepliaklqana
Kikubaaqudgha
Makhleb
Nemelex Xobeh
Okawaru
Qazlal
Sif Muna
Trog
Uskayaw
Vehumet
Wu Jian
Xom
Yredelemnul
The Shining One

Shops:
D:2 [


Innate Abilities, Weirdness & Mutations

Your life essence is reduced to manifest your ancestor. (-10% HP)
You can wield a second weapon in your off-hand.
It takes a long time for you to wield or remove held weapons.
Your first few attacks do less damage.
Your first movements take longer.


Message History

You are engulfed in a cloud of scalding steam.
Meatbag hits the steam dragon but does no damage.
An orc comes into view. It is wielding a +0 club.
The steam dragon bites meatbag.
The steam dragon barely misses meatbag.
The orc closely misses meatbag.
Fire: a) +1 sling {Hisae}
Press: ? - help, Q - select action, (/) - cycle Shift-Dir - straight line, f/p - steam dragon
Aim: a steam dragon (almost dead, ally target, 66% to hit)
You shoot a sling bullet. Meatbag avoids your attack.
The sling bullet hits the steam dragon but does no damage.
The steam dragon is almost dead.
You shoot a sling bullet. Meatbag avoids your attack.
The sling bullet hits the steam dragon.
You kill the steam dragon!
Meatbag closely misses the orc.
The orc hits meatbag with a +0 club.
Meatbag hits the orc!
The orc dies!
A centaur comes into view.
The orc hits meatbag with a +0 club.
Meatbag hits the orc.
The centaur wields a +0 shortbow.
The centaur shoots an arrow.
The arrow hits meatbag!
Meatbag is destroyed!
Fire: a) +1 sling {Hisae}
Press: ? - help, Q - select action, (/) - cycle Shift-Dir - straight line, f - orc
Aim: an orc, wielding a +0 club (almost dead, 66% to hit)
You shoot a sling bullet. The sling bullet hits the orc.
You kill the orc!
You shoot a sling bullet. The centaur shoots an arrow.
The arrow hits you!
* * * LOW HITPOINT WARNING * * *
A sky beast comes into view.
The centaur shoots an arrow.
The arrow barely misses you.
The centaur shoots an arrow.
The arrow hits you.
* * * LOW HITPOINT WARNING * * *
The centaur shoots an arrow.
The arrow hits you!
* * * LOW HITPOINT WARNING * * *
The centaur shoots an arrow.
The arrow barely misses you.
The centaur shoots an arrow.
The arrow hits you.
You die...
Hepliaklqana delivers you to your ancestors.

##### #..............#
#...####...#########.#
#...c.....##########.#
#...####.............#
##.## #c###########.#
#.# #.#...........#
#.# #.#.#######...#
####.##)#####.#.#
#...#
...o..).>....@..#
#...#
.###..........###
#...# ##.#########
#...# #. #.... #c
....#. . #


You could see a centaur.

Vanquished Creatures
  The ghost of knightboat the Covert, a novice VSBr (D:6)
  A steam dragon (D:7)
  3 water moccasins
  2 ice beasts
  A sky beast (D:6)
  A phantom (D:5)
  A bullfrog (D:6)
  2 brain worms (Sewer)
  2 scorpions (D:6)
  2 howler monkeys (D:6)
  A bombardier beetle (D:4)
  A jelly (D:6)
  An orc priest (D:6)
  2 iguanas
  An orc wizard (D:6)
  10 gnolls
  18 adders
  A shadow imp (D:5)
  2 dart slugs
  2 ribbon worms (D:4)
  11 orcs
  3 bats
  6 endoplasms
  2 giant cockroaches
  7 goblins
  8 hobgoblins
  5 jackals
  14 kobolds
  7 quokkas
  11 ball pythons
  6 frilled lizards
  11 rats
146 creatures vanquished.

Vanquished Creatures (collateral kills)
  Sigmund (D:6)
  2 ice beasts
  An ogre (D:5)
  A bombardier beetle (D:5)
  A jelly (D:6)
  A hound (D:6)
  A gnoll (D:6)
  A river rat (Sewer)
  2 adders
  An orc (D:7)
  A jackal (Sewer)
  A kobold (Sewer)
  A ball python (Sewer)
15 creatures vanquished.

Vanquished Creatures (others)
  3 ancestors
3 creatures vanquished.

Grand Total: 164 creatures vanquished

Notes
Turn   | Place    | Note
-------+----------+-------------------------------------------
     0 | D:1      | adelrune the Coglin Hexslinger began the quest for the Orb.
     0 | D:1      | Reached XP level 1. HP: 15/15 MP: 2/2
    57 | D:1      | Reached skill level 2 in Ranged Weapons
    57 | D:1      | Reached XP level 2. HP: 20/21 MP: 3/3
   325 | D:1      | Reached XP level 3. HP: 26/26 MP: 4/4
   807 | D:1      | Learned a level 2 spell: Jinxbite
   895 | D:2      | Found a shimmering altar of Xom.
  1034 | D:2      | Reached XP level 4. HP: 31/32 MP: 6/6
  1366 | D:2      | Found Xopsuun Nati's Antique Armour Emporium.
  1773 | D:2      | Reached skill level 3 in Ranged Weapons
  1945 | D:3      | Reached XP level 5. HP: 38/38 MP: 7/7
  2174 | D:3      | You fall into a shaft and drop 1 floor!
  2174 | D:4      | Found a stormy altar of Qazlal.
  2421 | D:4      | Found a staircase to the Ecumenical Temple.
  2431 | Temple   | Entered the Ecumenical Temple
  2446 | Temple   | Became a worshipper of Hepliaklqana the Forgotten
  2734 | D:4      | Reached XP level 6. HP: 45/45 MP: 5/9
  2806 | D:4      | Found a shadowy altar of Dithmenos.
  2947 | D:3      | Found a radiant altar of Vehumet.
  3176 | D:3      | Found a white marble altar of Elyvilon.
  3778 | D:5      | Entered Level 5 of the Dungeon
  3863 | D:5      | Noticed a water moccasin
  3873 | D:5      | Killed a water moccasin
  3874 | D:5      | Reached skill level 4 in Ranged Weapons
  3896 | D:5      | Noticed a water moccasin
  3900 | D:5      | Killed a water moccasin
  3901 | D:5      | Reached XP level 7. HP: 51/51 MP: 7/10
  3989 | D:5      | Reached * piety under Hepliaklqana
  4353 | D:5      | Reached skill level 5 in Ranged Weapons
  4353 | D:5      | Reached XP level 8. HP: 52/52 MP: 12/12
  4355 | D:5      | Learned a level 1 spell: Slow
  4390 | D:5      | Found a burning altar of Makhleb.
  4590 | D:6      | Found a glowing drain.
  4645 | Sewer    | Entered a sewer
  5383 | D:6      | Upgraded the game from 0.32-a0-361-g289a535e89 to
                  | 0.32-a0-391-gce5c0aab1b
  5385 | D:6      | Reached skill level 6 in Ranged Weapons
  5692 | D:6      | Reached XP level 9. HP: 59/59 MP: 11/14
  5712 | D:6      | Found a glowing golden altar of the Shining One.
  5733 | D:6      | Reached skill level 5 in Hexes
  5781 | D:6      | Noticed Sigmund
  5793 | D:6      | Killed Sigmund
  5802 | D:6      | Found a runed translucent door.
  5807 | D:6      | Noticed knightboat's ghost (novice VSBr)
  5845 | D:6      | Killed knightboat's ghost
  5846 | D:6      | Reached skill level 5 in Fighting
  5846 | D:6      | Reached skill level 5 in Dodging
  5923 | D:6      | Reached skill level 7 in Ranged Weapons
  6171 | D:7      | HP: 2/61 [centaur/arrow (12)]
  6173 | D:7      | Shot with an arrow by a centaur

Illustrated notes

Levels and vault maps discovered:
D:1:      sevenhm_arrival_forest_fort_large_4, layout_basic, minivault_26,
          hangedman_feature_mirror
D:2:      layout_basic, serial_shops, nicolae_shop_hallway_stairs, basic_altar
D:3:      layout_basic, mainiacjoe_overflow_alcove_4,
          mainiacjoe_overflow_tiny_flanked
D:4:      layout_loops_ring, nicolae_dithmenos_the_darkroom,
          grunt_qazlal_clouds, minmay_temple_entry_drinking_statues
D:5:      layout_loops_ring, lightli_temple_of_fire
D:6:      layout_basic, lemuel_doored_altar, ebering_ghost_sewer_d,
          gup_sewer_entry_glass, uniq_sigmund
D:7:      layout_loops_ring, mainiacjoe_overflow_alcove_1, zin_academy,
          enter_bailey_1, kennysheep_small_circle
Temple:   cyrus_circular_temple

Skill      XL: |  1  2  3  4  5  6  7  8  9 |
---------------+----------------------------+-----
Ranged Weapons | 2 3 4 5 6 7 |  7.1
Dodging        | 2 3 4 5 |  5.1
Hexes          | 3 4 5 |  5.4
Fighting       | 2 3 4 5 |  5.2
Spellcasting   | 2 3 4 |  4.2
Fire Magic     | |  0.8

Action                     |  1- 3 |  4- 6 |  7- 9 || total
---------------------------+-------+-------+-------++-------
   Fire: Sling             |   102 |   282 |   452 ||   836
   Cast: Jinxbite          |       |     8 |    12 ||    20
 Invoke: Ancestor Identity |       |       |     1 ||     1
    Use: Scroll            |       |     1 |       ||     1
 Armour: Robe              |    21 |    27 |    50 ||    98
  Dodge: Dodged            |    42 |    35 |    67 ||   144

Table legend: (Time is in decaauts)
 A = Elapsed time spent in this place.
 B = Non-inter-level travel time spent in this place.
 C = Inter-level travel time spent in this place.
 D = Time resting spent in this place.
 E = Time spent auto-exploring this place.
 F = Levels seen in this place.
 G = Mean time per level.
                   A        B        C        D        E       F      G
               +--------+--------+--------+--------+--------+-----+--------+
         Total |   6643 |   6406 |    237 |    458 |   4633 |   9 |  738.1 |
       Dungeon |   5847 |   5618 |    229 |    458 |   4107 |   7 |  835.3 |
        Temple |     24 |     16 |      8 |      0 |      0 |   1 |   24.0 |
         Sewer |    771 |    771 |      0 |      0 |    525 |   1 |  771.0 |
               +--------+--------+--------+--------+--------+-----+--------+

Top non-repeatable levels by time:
     D:3: 1152 daAuts
     D:2: 1071 daAuts
     D:6: 975 daAuts
     D:1: 947 daAuts
     D:5: 851 daAuts
     D:4: 774 daAuts
   Sewer: 771 daAuts
     D:7: 73 daAuts
  Temple: 24 daAuts
